 Dungeon Crawl Stone Soup version 0.21-a0-59-g7b0e191 (webtiles) character file.

319 HAL9000 the Cudgeler (level 6, 0/61 HPs)
             Began as an Ogre Hunter on June 16, 2017.
             Hit by a tomahawk thrown by an orc (4 damage)
             ... on level 4 of the Dungeon.
             The game lasted 00:06:28 (3350 turns).

HAL9000 the Cudgeler (Ogre Hunter)                  Turns: 3350, Time: 00:06:29

Health: 0/61       AC:  3    Str: 18    XL:     6   Next: 46%
Magic:  6/6        EV: 10    Int: 12    God:
Gold:   144        SH:  0    Dex: 10    Spells: 5/5 levels left

rFire    . . .     SeeInvis .   w - +0 flail
rCold    . . .     Gourm    .   (no shield)
rNeg     . . .     Faith    .   u - +0 robe (curse)
rPois    .         Spirit   .   (helmet restricted)
rElec    .         Reflect  .   (no cloak)
rCorr    .         Harm     .   (gloves unavailable)
MR       .....                  (boots unavailable)
Stlth    +.........             (no amulet)
HPRegen  0.20/turn              (no ring)
MPRegen  0.10/turn              (no ring)

@: no status effects
A: unfitting armour, tough skin 1
a: no special abilities


You were on level 4 of the Dungeon.
You were not hungry.

You visited 1 branch of the dungeon, and saw 4 of its levels.

You collected 144 gold pieces.

Inventory:

Hand Weapons
 w - a +0 flail (weapon)
Missiles
 d - a throwing net (quivered)
Armour
 b - a +0 robe
 u - a cursed +0 robe (worn)
Wands
 v - a wand of confusion (20/48)
Scrolls
 h - 2 scrolls of recharging {unknown}
 j - a scroll of enchant weapon {unknown}
 m - 2 scrolls of blinking {unknown}
 n - 4 scrolls of identify {unknown}
 o - 3 scrolls of enchant armour {unknown}
 r - 2 scrolls of magic mapping {unknown}
 t - 2 scrolls of teleportation {unknown}
Comestibles
 f - 3 bread rations
 l - 4 meat rations


   Skills:
 - Level 3.6 Fighting
 + Level 5.3 Maces & Flails
 - Level 4.0 Throwing
 - Level 1.7 Dodging
 - Level 0.6 Stealth


You had 5 spell levels left.
You didn't know any spells.

Dungeon Overview and Level Annotations

Branches:
Dungeon (4/15)
 Temple: D:4-7

Altars:
Kikubaaqudgha
Okawaru
Xom


Innate Abilities, Weirdness & Mutations

You are too large for most types of armour.
You have tough skin. (AC +1)


Message History

Aim: a phantom (heavily damaged)
You throw a large rock.
The large rock barely misses the phantom.
The phantom hits you.
* * * LOW HITPOINT WARNING * * *
The phantom hits you!
* * * LOW HITPOINT WARNING * * *
Unknown command.
Throwing (i - inventory):
d - 2 throwing nets (quivered)
Press: ? - help, Shift-Dir - straight line, f/p - phantom
Aim: a phantom (heavily damaged, immune to nets)
You throw a throwing net. The throwing net hits the phantom.
The net passes right through the phantom!
The phantom is heavily damaged.
The phantom blinks!
A magic dart appears from out of thin air!
The magic dart hits you!
* * * LOW HITPOINT WARNING * * *
The orc throws a tomahawk.
The tomahawk hits you.
You die...

## #. #.###
#o#@# #.#.#
##(#ยง#
###(.o{#####.#
..(...W.(......#
#####(##########
#. #


You could see an orc.

Vanquished Creatures
  The ghost of Ijustatesigmund the Sneak, an amateur OpAs (D:3)
  An orc wizard (D:4)
  Ijyb (D:3)
  7 adders
  5 worms
  5 dart slugs
  3 leopard geckos
  2 orcs (D:3)
  6 giant cockroaches
  15 goblins
  11 hobgoblins
  4 jackals (D:1)
  8 kobolds
  A quokka (D:3)
  2 ball pythons
  11 bats
  6 frilled lizards
  9 rats (D:1)
98 creatures vanquished.

Notes
Turn   | Place    | Note
-------+----------+-------------------------------------------
     0 | D:1      | HAL9000 the Ogre Hunter began the quest for the Orb.
     0 | D:1      | Reached XP level 1. HP: 22/22 MP: 1/1
    66 | D:1      | Reached XP level 2. HP: 26/31 MP: 2/2
   207 | D:1      | Reached skill level 1 in Maces & Flails
   396 | D:1      | Reached XP level 3. HP: 25/37 MP: 3/3
   779 | D:1      | Reached skill level 2 in Maces & Flails
  1327 | D:2      | Reached XP level 4. HP: 43/46 MP: 4/4
  1584 | D:2      | You fall through a shaft!
  1715 | D:3      | Noticed Ijyb
  1735 | D:2      | Reached skill level 3 in Maces & Flails
  2098 | D:2      | Reached XP level 5. HP: 40/53 MP: 5/5
  2367 | D:3      | Killed Ijyb
  2367 | D:3      | Reached skill level 4 in Maces & Flails
  2422 | D:3      | Found a shimmering altar of Xom.
  2422 | D:3      | Found an ancient bone altar of Kikubaaqudgha.
  2469 | D:3      | Noticed Ijustatesigmund's ghost (amateur OpAs)
  2478 | D:3      | Killed Ijustatesigmund's ghost
  2478 | D:3      | Reached XP level 6. HP: 23/61 MP: 6/6
  2902 | D:3      | Reached skill level 5 in Maces & Flails
  3147 | D:3      | Found an iron altar of Okawaru.
  3255 | D:3      | Found a faded altar of an unknown god.
  3328 | D:4      | Noticed a phantom
  3349 | D:4      | HP: 3/61 [something/magic dart (5)]
  3350 | D:4      | Hit by a tomahawk thrown by an orc

Vault maps used:
D:1:      dpeg_arrival_ratfight
D:2:      minmay_randomly_rotated_circles
D:3:      gammafunk_temple_overflow_wave, first_bread,
          chequers_ecumenical_altar_island, okawaru_metal_pillars_1_2, uniq_ijyb
D:4:      corexii_shack_village, grunt_qazlal_sundering

Skill      XL: |  1  2  3  4  5  6 |
---------------+-------------------+-----
Fighting       | 3 |  3.6
Maces & Flails | 1 2 3 4 5 |  5.3
Throwing       | |  4.0
Dodging        | |  1.7
Stealth        | |  0.6

Action                   |  1- 3 |  4- 6 || total
-------------------------+-------+-------++-------
Melee: Short sword       |    18 |       ||    18
       Mace              |   113 |   140 ||   253
       Flail             |       |    61 ||    61
Throw: Large rock        |       |    22 ||    22
       Throwing net      |       |     1 ||     1
Evoke: Wand              |       |     2 ||     2
  Use: Potion            |       |     2 ||     2
 Stab: Sleeping          |       |     3 ||     3
  Eat: Chunk             |     1 |     7 ||     8
Armor: Robe              |    73 |    70 ||   143
Dodge: Dodged            |   121 |   129 ||   250
